| TOP OF THE 1ST |
|
Staten Island Yankees batting - Pitching for Chicago (NYP) White Sox : LHP Amari Miller
|
|
Pitching: LHP Amari Miller
|
|
|
Batting: RHB Norimoto Miyanishi
|
0-0: Ball 1-0: Called Strike 1-1: Swinging Strike 1-2: Ball 2-2: Strikes out looking
|
|
Batting: RHB Brad Wren
|
0-0: Ball 1-0: Foul Ball, location: 2F 1-1: SINGLE (Groundball, 4D, EV 93.8 MPH)
|
|
Batting: RHB Pat Pemberton
|
0-0: Called Strike 0-1: Ball 1-1: Called Strike 1-2: Foul Ball, location: 2F 1-2: Ball 2-2: Foul Ball, location: 2F 2-2: Ball 3-2: Base on Balls Brad Wren to second
|
|
Batting: SHB Tadaaki Kondo
|
0-0: Ball 1-0: Called Strike 1-1: Ball 2-1: Called Strike 2-2: Foul Ball, location: 2F 2-2: SINGLE (Groundball, 56D, EV 98.8 MPH) Brad Wren to third Pat Pemberton to second
|
|
Batting: LHB Mike Schermerhorn
|
0-0: Ball 1-0: Foul Ball, location: 2F 1-1: Ball 2-1: Foul Ball, location: 2F 2-2: DOUBLE (Line Drive, 8LXD, EV 101.9 MPH) Brad Wren scores Pat Pemberton scores Tadaaki Kondo to third
|
|
Batting: SHB Adam Slade
|
0-0: Ball 1-0: Ball 2-0: Called Strike 2-1: Ball 3-1: Called Strike 3-2: Strikes out swinging
|
|
Batting: RHB Jon Pierce
|
0-0: Called Strike 0-1: Foul Ball, location: 2F 0-2: Foul Ball, location: 2F 0-2: Foul Ball, location: 2F 0-2: Ball 1-2: Foul Ball, location: 2F 1-2: Ball 2-2: Hit by Pitch
|
|
Batting: RHB Jesus Ruiz
|
0-0: Ball 1-0: Swinging Strike 1-1: Ball 2-1: Foul Ball, location: 2F 2-2: Ball 3-2: Base on Balls Tadaaki Kondo scores Mike Schermerhorn to third Jon Pierce to second
|
|
Batting: RHB Daniel Underhay
|
0-0: Foul Ball, location: 2F 0-1: Ground out U3 (Groundball, 3, EV 103.1 MPH)
|
| Top of the 1st over - 3 runs, 3 hits, 0 errors, 3 left on base; Staten Island 3 - Chicago (NYP) 0 |
| BOTTOM OF THE 1ST |
|
Chicago (NYP) White Sox batting - Pitching for Staten Island Yankees : RHP Andrew Ray
|
|
Pitching: RHP Andrew Ray
|
|
|
Batting: SHB Tomas Caldera
|
0-0: Ball 1-0: Ball 2-0: Called Strike 2-1: Ball 3-1: DOUBLE (Flyball, 89D, EV 93.8 MPH)
|
|
Batting: RHB Bastiaan Leenders
|
0-0: Called Strike Tomas Caldera steals 3rd base 0-1: Foul Ball, location: 2F 0-2: Ball 1-2: Foul Ball, location: 2F 1-2: Strikes out swinging
|
|
Batting: SHB Veit Geisler
|
0-0: Ball 1-0: Ball 2-0: Called Strike 2-1: Foul Ball, location: 2F 2-2: Foul Ball, location: 2F 2-2: Foul Ball, location: 2F 2-2: Strikes out looking
|
|
Batting: RHB Tony Garcia
|
0-0: Ball 1-0: Called Strike 1-1: Ball 2-1: Fly out, F8 (Flyball, 89S, EV 83.1 MPH)
|
| Bottom of the 1st over - 0 runs, 1 hit, 0 errors, 1 left on base; Staten Island 3 - Chicago (NYP) 0 |
| TOP OF THE 2ND |
|
Staten Island Yankees batting - Pitching for Chicago (NYP) White Sox : LHP Amari Miller
|
|
Batting: RHB Norimoto Miyanishi
|
0-0: Called Strike 0-1: Ground out U3 (Groundball, 3, EV 90.6 MPH)
|
|
Batting: RHB Brad Wren
|
0-0: Ball 1-0: Ball 2-0: Called Strike 2-1: Called Strike 2-2: Strikes out swinging
|
|
Batting: RHB Pat Pemberton
|
0-0: Ball 1-0: Swinging Strike 1-1: Foul Ball, location: 2F 1-2: Foul Ball, location: 2F 1-2: Hit by Pitch
|
|
Batting: SHB Tadaaki Kondo
|
0-0: Called Strike 0-1: Called Strike 0-2: Ball Wild Pitch! Pat Pemberton to second 1-2: Ball 2-2: Strikes out swinging
|
| Top of the 2nd over - 0 runs, 0 hits, 0 errors, 1 left on base; Staten Island 3 - Chicago (NYP) 0 |
| BOTTOM OF THE 2ND |
|
Chicago (NYP) White Sox batting - Pitching for Staten Island Yankees : RHP Andrew Ray
|
|
Batting: RHB Tyrell Camp
|
0-0: Foul Ball, location: 2F 0-1: Ball 1-1: Ground out U3 (Groundball, 34, EV 80.0 MPH)
|
|
Batting: SHB Andres Agudo
|
0-0: Called Strike 0-1: Ball 1-1: Ground out 4-3 (Groundball, 4, EV 80.6 MPH)
|
|
Batting: RHB Yorkis Saiki
|
0-0: Called Strike 0-1: Swinging Strike 0-2: Foul Ball, location: 2F 0-2: Strikes out swinging
|
| Bottom of the 2nd over - 0 runs, 0 hits, 0 errors, 0 left on base; Staten Island 3 - Chicago (NYP) 0 |
| TOP OF THE 3RD |
|
Staten Island Yankees batting - Pitching for Chicago (NYP) White Sox : LHP Amari Miller
|
|
Batting: LHB Mike Schermerhorn
|
0-0: Foul Ball, location: 2F 0-1: Swinging Strike 0-2: Strikes out swinging
|
|
Batting: SHB Adam Slade
|
0-0: Called Strike 0-1: Ball 1-1: Foul Ball, location: 2F 1-2: Ball 2-2: Ball 3-2: SINGLE (Groundball, 56D, EV 106.9 MPH) (infield hit)
|
|
Batting: RHB Jon Pierce
|
0-0: Ball 1-0: Ball 2-0: Called Strike 2-1: Foul Ball, location: 2F 2-2: Ball 3-2: Foul Ball, location: 2F 3-2: Strikes out looking
|
|
Batting: RHB Jesus Ruiz
|
0-0: Foul Ball, location: 2F 0-1: Ball 1-1: Swinging Strike 1-2: Strikes out looking
|
| Top of the 3rd over - 0 runs, 1 hit, 0 errors, 1 left on base; Staten Island 3 - Chicago (NYP) 0 |
| BOTTOM OF THE 3RD |
|
Chicago (NYP) White Sox batting - Pitching for Staten Island Yankees : RHP Andrew Ray
|
|
Batting: RHB Kunimatsu Oya
|
0-0: Ball 1-0: Swinging Strike 1-1: Ground out 6-3 (Groundball, 6, EV 77.5 MPH)
|
|
Batting: SHB Noah Long
|
0-0: Swinging Strike 0-1: Ball 1-1: Ball 2-1: Ball 3-1: Ground out U3 (Groundball, 34, EV 96.2 MPH)
|
|
Batting: SHB Tomas Caldera
|
0-0: Ball 1-0: Foul Ball, location: 2F 1-1: Swinging Strike 1-2: Fly out, F7 (Flyball, 7S, EV 83.8 MPH)
|
| Bottom of the 3rd over - 0 runs, 0 hits, 0 errors, 0 left on base; Staten Island 3 - Chicago (NYP) 0 |
| TOP OF THE 4TH |
|
Staten Island Yankees batting - Pitching for Chicago (NYP) White Sox : LHP Amari Miller
|
|
Pitching: RHP Shuuhei Watanabe
|
|
|
Batting: RHB Daniel Underhay
|
0-0: Ball 1-0: Swinging Strike 1-1: SOLO HOME RUN (Flyball, 7D, EV 102.5 MPH), Distance : 395 ft
|
|
Batting: RHB Norimoto Miyanishi
|
0-0: Ball 1-0: Foul Ball, location: 2F 1-1: Ball 2-1: Foul Ball, location: 2F 2-2: Foul Ball, location: 2F 2-2: Foul Ball, location: 2F 2-2: Ground out 5-3 (Groundball, 56, EV 83.1 MPH)
|
|
Batting: RHB Brad Wren
|
0-0: Called Strike 0-1: Called Strike 0-2: Ball 1-2: Ball 2-2: Foul Ball, location: 2F 2-2: Strikes out swinging
|
|
Batting: RHB Pat Pemberton
|
0-0: Ball 1-0: Swinging Strike 1-1: Called Strike 1-2: Ground out 6-3 (Groundball, 6, EV 105.0 MPH)
|
| Top of the 4th over - 1 run, 1 hit, 0 errors, 0 left on base; Staten Island 4 - Chicago (NYP) 0 |
| BOTTOM OF THE 4TH |
|
Chicago (NYP) White Sox batting - Pitching for Staten Island Yankees : RHP Andrew Ray
|
|
Batting: RHB Bastiaan Leenders
|
0-0: Ground out 4-3 (Groundball, 4, EV 90.0 MPH)
|
|
Batting: SHB Veit Geisler
|
0-0: Swinging Strike 0-1: SINGLE (Flyball, 5D, EV 90.6 MPH)
|
|
Batting: RHB Tony Garcia
|
0-0: Ball 1-0: Fly out, F7 (Line Drive, 7LM, EV 89.4 MPH)
|
|
Batting: RHB Tyrell Camp
|
0-0: Ball 1-0: Fly out, F7 (Line Drive, 7, EV 84.4 MPH)
|
| Bottom of the 4th over - 0 runs, 1 hit, 0 errors, 1 left on base; Staten Island 4 - Chicago (NYP) 0 |
| TOP OF THE 5TH |
|
Staten Island Yankees batting - Pitching for Chicago (NYP) White Sox : RHP Shuuhei Watanabe
|
|
Batting: SHB Tadaaki Kondo
|
0-0: Called Strike 0-1: Ball 1-1: Swinging Strike 1-2: Ball 2-2: Foul Ball, location: 2F 2-2: Strikes out swinging
|
|
Batting: LHB Mike Schermerhorn
|
0-0: Called Strike 0-1: Foul Ball, location: 2F 0-2: Ball 1-2: Strikes out swinging
|
|
Batting: SHB Adam Slade
|
0-0: Ball 1-0: Ball 2-0: Ball 3-0: Called Strike 3-1: Called Strike 3-2: SINGLE (Groundball, 6S, EV 69.4 MPH) (infield hit)
|
|
Batting: RHB Jon Pierce
|
0-0: Called Strike 0-1: Called Strike 0-2: Ground out 5-3 (Groundball, 5S, EV 63.1 MPH)
|
| Top of the 5th over - 0 runs, 1 hit, 0 errors, 1 left on base; Staten Island 4 - Chicago (NYP) 0 |
| BOTTOM OF THE 5TH |
|
Chicago (NYP) White Sox batting - Pitching for Staten Island Yankees : RHP Andrew Ray
|
|
Batting: SHB Andres Agudo
|
0-0: Foul Ball, location: 2F 0-1: Ground out U3 (Groundball, 34S, EV 83.1 MPH)
|
|
Batting: RHB Yorkis Saiki
|
0-0: Ball 1-0: Ball 2-0: Foul Ball, location: 2F 2-1: Reached on error, E6 (Groundball, 6, EV 90.6 MPH)
|
|
Batting: RHB Kunimatsu Oya
|
0-0: Swinging Strike 0-1: Called Strike 0-2: Foul Ball, location: 2F 0-2: Strikes out swinging
|
|
Batting: SHB Noah Long
|
0-0: Ball 1-0: Swinging Strike 1-1: Ball 2-1: Called Strike 2-2: Fly out, F7 (Line Drive, 78M, EV 93.1 MPH)
|
| Bottom of the 5th over - 0 runs, 0 hits, 1 error, 1 left on base; Staten Island 4 - Chicago (NYP) 0 |
| TOP OF THE 6TH |
|
Staten Island Yankees batting - Pitching for Chicago (NYP) White Sox : RHP Shuuhei Watanabe
|
|
Batting: RHB Jesus Ruiz
|
0-0: Called Strike 0-1: Foul Ball, location: 2F 0-2: Ball 1-2: Ground out 6-3 (Groundball, 6S, EV 83.1 MPH)
|
|
Batting: RHB Daniel Underhay
|
0-0: Ball 1-0: Fly out, F8 (Flyball, 8LD, EV 99.4 MPH)
|
|
Batting: RHB Norimoto Miyanishi
|
0-0: Ball 1-0: Called Strike 1-1: Foul Ball, location: 2F 1-2: Ground out 6-3 (Groundball, 6M, EV 87.5 MPH)
|
| Top of the 6th over - 0 runs, 0 hits, 0 errors, 0 left on base; Staten Island 4 - Chicago (NYP) 0 |
| BOTTOM OF THE 6TH |
|
Chicago (NYP) White Sox batting - Pitching for Staten Island Yankees : RHP Andrew Ray
|
|
Batting: SHB Tomas Caldera
|
0-0: Ball 1-0: Ball 2-0: Ball 3-0: Called Strike 3-1: Called Strike 3-2: Base on Balls
|
|
Batting: RHB Bastiaan Leenders
|
0-0: Ball 1-0: Swinging Strike 1-1: Called Strike 1-2: Ball 2-2: Strikes out swinging
|
|
Batting: SHB Veit Geisler
|
0-0: Ball Tomas Caldera steals 2nd base (no throw) 1-0: Ground out 4-3 (Groundball, 4, EV 103.1 MPH) Tomas Caldera to third
|
|
Batting: RHB Tony Garcia
|
0-0: Called Strike 0-1: Ball 1-1: Ball Wild Pitch! Tomas Caldera scores 2-1: Foul Ball, location: 2F 2-2: Ball 3-2: Base on Balls
|
|
Batting: RHB Tyrell Camp
|
0-0: Ball 1-0: Called Strike 1-1: Ground out 4-3 (Groundball, 34, EV 105.0 MPH)
|
| Bottom of the 6th over - 1 run, 0 hits, 0 errors, 1 left on base; Staten Island 4 - Chicago (NYP) 1 |
| TOP OF THE 7TH |
|
Staten Island Yankees batting - Pitching for Chicago (NYP) White Sox : RHP Shuuhei Watanabe
|
|
Batting: RHB Brad Wren
|
0-0: Ball 1-0: Ball 2-0: Called Strike 2-1: Ball 3-1: Foul Ball, location: 2F 3-2: Fly out, F9 (Flyball, 9, EV 83.1 MPH)
|
|
Batting: RHB Pat Pemberton
|
0-0: Ball 1-0: Swinging Strike 1-1: Ball 2-1: Ball 3-1: Swinging Strike 3-2: Foul Ball, location: 2F 3-2: Strikes out swinging
|
|
Batting: SHB Tadaaki Kondo
|
0-0: Ball 1-0: Ball 2-0: Foul Ball, location: 2F 2-1: Swinging Strike 2-2: Strikes out looking
|
| Top of the 7th over - 0 runs, 0 hits, 0 errors, 0 left on base; Staten Island 4 - Chicago (NYP) 1 |
| BOTTOM OF THE 7TH |
|
Chicago (NYP) White Sox batting - Pitching for Staten Island Yankees : RHP Andrew Ray
|
|
Batting: SHB Andres Agudo
|
0-0: DOUBLE (Flyball, 8LXD, EV 108.1 MPH)
|
|
Batting: RHB Yorkis Saiki
|
0-0: SINGLE (Line Drive, 34D, EV 103.1 MPH) Andres Agudo to third
|
|
Batting: RHB Kunimatsu Oya
|
0-0: Ball 1-0: Called Strike 1-1: Called Strike 1-2: Ball 2-2: Strikes out swinging
|
|
Batting: SHB Noah Long
|
0-0: Ball 1-0: Ball 2-0: Called Strike 2-1: Ball 3-1: Base on Balls Yorkis Saiki to second
|
|
Pitching: RHP Gary Salazar
|
|
|
Batting: SHB Tomas Caldera
|
0-0: Called Strike 0-1: Ball 1-1: SINGLE (Line Drive, 9LS, EV 96.9 MPH) Andres Agudo scores Yorkis Saiki to third Noah Long to second
|
|
Pinch Hitting: LHB Daniel Lopez
|
0-0: Ball 1-0: Ball 2-0: Foul Ball, location: 2F 2-1: Grounds into fielders choice 6-2 (Groundball, 6, EV 106.9 MPH) Noah Long to third Tomas Caldera to second
|
|
Batting: SHB Veit Geisler
|
0-0: Ground out 3-1 (Groundball, 34, EV 81.9 MPH)
|
| Bottom of the 7th over - 1 run, 3 hits, 0 errors, 3 left on base; Staten Island 4 - Chicago (NYP) 2 |
| TOP OF THE 8TH |
|
Staten Island Yankees batting - Pitching for Chicago (NYP) White Sox : RHP Shuuhei Watanabe
|
|
Pitching: LHP Ian Bell
|
|
|
Now in RF: Steve Roepke
|
|
|
Batting: LHB Mike Schermerhorn
|
0-0: Foul Ball, location: 2F 0-1: Ball 1-1: Ball 2-1: Ground out 5-3 (Groundball, 6, EV 91.2 MPH)
|
|
Pitching: LHP Matt Schwartz
|
|
|
Batting: SHB Adam Slade
|
0-0: Ball 1-0: Ball 2-0: Called Strike 2-1: Swinging Strike 2-2: Strikes out swinging
|
|
Batting: RHB Jon Pierce
|
0-0: Called Strike 0-1: Swinging Strike 0-2: Strikes out swinging
|
| Top of the 8th over - 0 runs, 0 hits, 0 errors, 0 left on base; Staten Island 4 - Chicago (NYP) 2 |
| BOTTOM OF THE 8TH |
|
Chicago (NYP) White Sox batting - Pitching for Staten Island Yankees : RHP Gary Salazar
|
|
Batting: RHB Tony Garcia
|
0-0: Ball 1-0: Ball 2-0: Ground out 1-3 (Groundball, 15S, EV 69.4 MPH)
|
|
Batting: RHB Tyrell Camp
|
0-0: Ball 1-0: Ball 2-0: Ball 3-0: Base on Balls
|
|
Batting: SHB Andres Agudo
|
0-0: Called Strike 0-1: Swinging Strike 0-2: Ball 1-2: Strikes out swinging
|
|
Batting: RHB Yorkis Saiki
|
0-0: Ball 1-0: Ball Wild Pitch! Tyrell Camp to second 2-0: Called Strike 2-1: Foul Ball, location: 2F 2-2: Foul Ball, location: 2F 2-2: Ball 3-2: Foul Ball, location: 2F 3-2: Base on Balls
|
|
Batting: RHB Kunimatsu Oya
|
0-0: SINGLE (Groundball, 56D, EV 106.9 MPH) Tyrell Camp to third Yorkis Saiki to second Runner from 3rd tries for Home, SAFE, throw by LF to home
|
|
Batting: SHB Noah Long
|
0-0: Ball Wild Pitch! Yorkis Saiki to third Kunimatsu Oya to second 1-0: Foul Ball, location: 2F 1-1: Foul Ball, location: 2F 1-2: SINGLE (Groundball, 6D, EV 100.6 MPH) Yorkis Saiki scores Kunimatsu Oya to third Runner from 3rd tries for Home, SAFE, throw by LF to home Noah Long to second
|
|
Pitching: RHP Jake Bryant
|
|
|
Batting: SHB Tomas Caldera
|
0-0: Called Strike 0-1: Called Strike 0-2: Ball 1-2: Strikes out swinging
|
| Bottom of the 8th over - 3 runs, 2 hits, 0 errors, 1 left on base; Staten Island 4 - Chicago (NYP) 5 |
| TOP OF THE 9TH |
|
Staten Island Yankees batting - Pitching for Chicago (NYP) White Sox : LHP Matt Schwartz
|
|
Pitching: LHP Jonas Jennings
|
|
|
Batting: RHB Jesus Ruiz
|
0-0: SINGLE (Flyball, 9S, EV 86.9 MPH)
|
|
Batting: RHB Daniel Underhay
|
0-0: Grounds into double play, 6-4-3 (Groundball, 6, EV 86.9 MPH)
|
|
Batting: RHB Norimoto Miyanishi
|
0-0: Called Strike 0-1: Called Strike 0-2: Strikes out swinging
|
| Top of the 9th over - 0 runs, 1 hit, 0 errors, 0 left on base; Staten Island 4 - Chicago (NYP) 5 |
|